 Dungeon Crawl Stone Soup version 0.28-a0-46-g7b1be97da7 (webtiles) character file.

Game seed: 1390361527677979577

91 Mesmaeker13 the Grasshopper (level 4, 0/38 HPs)
             Began as a Ghoul Warper on July 30, 2021.
             Slain by a scorpion (1 damage)
             ... on level 2 of the Dungeon.
             The game lasted 00:01:50 (2322 turns).

Mesmaeker13 the Grasshopper (Ghoul Warper)          Turns: 2322, Time: 00:01:50

Health: 0/38       AC:  7    Str: 15    XL:     4   Next: 57%
Magic:  5/5        EV:  9    Int:  8    God:
Gold:   80         SH:  0    Dex:  8    Spells: 6/6 levels left

rFire   . . .      SeeInvis .     - Unarmed
rCold   + . .      Faith    .   (no shield)
rNeg    + + +      Spirit   .   h - +0 scale mail
rPois   ∞          Reflect  .   (no helmet)
rElec   .          Harm     .   (no cloak)
rCorr   .          Rampage  .   a - +0 pair of gloves
Will    .....                   (no boots)
Stlth   ..........              (no amulet)
HPRegen 0.00/turn               (no ring)
MPRegen 0.09/turn               (no ring)

@: inhibited regen
A: claws 1, cold resistance 1, negative energy resistance 3, inhibited
regeneration, torment resistance 2
a: no special abilities


You were on level 2 of the Dungeon.
You visited 1 branch of the dungeon, and saw 2 of its levels.

You collected 80 gold pieces.

Inventory:

Missiles
 c - 5 boomerangs of dispersal (quivered)
 f - 4 boomerangs
Armour
 a - a +0 pair of gloves (worn)
 h - a +0 scale mail (worn)
Scrolls
 b - a scroll of blinking
 d - a scroll of identify {unknown}
 e - 3 scrolls of magic mapping {unknown}
 g - a scroll of teleportation {unknown}
Potions
 i - a potion of lignification {unknown}


   Skills:
 + Level 3.0 Fighting
 + Level 1.8 Throwing
 + Level 1.7 Armour
 - Level 1.7 Dodging
 + Level 3.0 Unarmed Combat
 - Level 1.7 Spellcasting
 + Level 3.2 Translocations


You had 6 spell levels left.
You didn't know any spells.
Your spell library contained the following spells:

 Spells                   Type           Power      Damage    Failure   Level
 Blink                    Tloc           N/A        N/A       52%         2
 Gell's Gravitas          Tloc           2%         N/A       75%         3
 Lesser Beckoning         Tloc           2%         N/A       75%         3
 Teleport Other           Tloc           5%         N/A       75%         3
 Corpse Rot               Necr/Air       N/A        N/A       91%         2
 Dispel Undead            Necr           0%         3d6       100%        4
 Manifold Assault         Tloc           5%         N/A       100%        5
 Death Channel            Necr           0%         N/A       100%        6


Dungeon Overview and Level Annotations

Branches:
Dungeon (2/15)

Altars:


Innate Abilities, Weirdness & Mutations

You thrive by killing the living.
You are immune to poison.
You have sharp fingernails.
Your flesh is cold resistant. (rC+)
You are immune to negative energy. (rN+++)
You do not regenerate when monsters are visible.
You are immune to unholy pain and torment.


Message History

The howler monkey closely misses you.
You hit the howler monkey.
You kill the howler monkey!
You feel better.
Your Fighting skill increases to level 3!
Your Unarmed Combat skill increases to level 3!
You have reached level 4!
You start resting.
A scorpion comes into view.
A scorpion is nearby!
A scorpion is nearby!
You hit the scorpion.
The scorpion is lightly wounded.
The scorpion closely misses you.
You hit the scorpion.
The scorpion is moderately wounded.
The scorpion stings you.
You hit the scorpion.
The scorpion is moderately wounded.
The scorpion stings you!
You barely miss the scorpion.
The scorpion is moderately wounded.
The scorpion closely misses you.
You hit the scorpion.
The scorpion is heavily wounded.
The scorpion stings you. The scorpion stings you!
* * * LOW HITPOINT WARNING * * *
Your scale mail prevents you from hitting the scorpion.
The scorpion is heavily wounded.
The scorpion barely misses you.
You barely miss the scorpion.
The scorpion is heavily wounded.
The scorpion stings you!
* * * LOW HITPOINT WARNING * * *
Unknown command.
Okay, then.
The scorpion barely misses you.
There is a stone staircase leading up here.
The scorpion closely misses you. The scorpion stings you.
You die...

#...............PPPP..# #.#
...................#..# #.#
............########..# #.#
..........#.########..# #.#
..........#.##...)†...# #.#
.............#.######.# #.#
.............#.#....#+###.#
.............#.#.#.....##.#
.....♣P......#'#@......##.#
..|..♣♣P..##...s)#.....##.#
.....♣P♣..##...........##.#
....PP♣P..##..............#
...#.P.######..##.###.#####
...###########+##.# #.#
..P## #.........#.# #.#
♣♣..###.........#.# #.#
♣PP............#.# #.#


You could see a scorpion.

Vanquished Creatures
  A howler monkey (D:2)
  An adder (D:1)
  2 worms (D:2)
  2 dart slugs (D:1)
  3 bats
  3 endoplasms (D:1)
  5 goblins
  3 hobgoblins (D:1)
  A quokka (D:1)
  5 ball pythons (D:1)
  3 frilled lizards (D:1)
  2 kobolds (D:1)
  A rat (D:1)
32 creatures vanquished.

Vanquished Creatures (others)
  8 plants (D:2)
8 creatures vanquished.

Grand Total: 40 creatures vanquished

Notes
Turn   | Place    | Note
-------+----------+-------------------------------------------
     0 | D:1      | Mesmaeker13 the Ghoul Warper began the quest for the Orb.
     0 | D:1      | Reached XP level 1. HP: 17/17 MP: 2/2
    30 | D:1      | Reached skill level 1 in Throwing
    30 | D:1      | Reached skill level 1 in Armour
   249 | D:1      | Reached XP level 2. HP: 19/25 MP: 3/3
   707 | D:1      | Reached XP level 3. HP: 22/30 MP: 4/4
  2291 | D:2      | Reached XP level 4. HP: 24/38 MP: 5/5
  2299 | D:2      | Noticed a scorpion
  2313 | D:2      | HP: 1/38 [scorpion (7)]
  2322 | D:2      | Slain by a scorpion

Illustrated notes

Levels and vault maps discovered:
D:1:      psy_arrival_dodecagon, layout_basic, roderic_roman_lattice,
          grunt_decor_clamped, minmay_pentomino_u2
D:2:      layout_basic, serial_forest, infiniplex_forest_side_room,
          infiniplex_forest_corner_1, infiniplex_forest_clump_small,
          infiniplex_forest_clump_medium, infiniplex_forest_split,
          infiniplex_forest_clump_large, infiniplex_forest_clump_double,
          infiniplex_forest_clump_small, st_stairs_5

Skill      XL: |  1  2  3 |
---------------+----------+-----
Throwing       | 1 |  1.8
Armour         | 1 |  1.7
Translocations | 3 |  3.2
Fighting       | 3 |  3.0
Unarmed Combat | 3 |  3.0
Dodging        | |  1.7
Spellcasting   | |  1.7

Action                   |  1- 3 |  4- 6 || total
-------------------------+-------+-------++-------
Melee: Unarmed           |   150 |     7 ||   157
Armor: Leather armour    |    26 |       ||    26
       Scale mail        |    35 |       ||    35
Dodge: Dodged            |    82 |     5 ||    87

Table legend: (Time is in decaauts)
 A = Elapsed time spent in this place.
 B = Non-inter-level travel time spent in this place.
 C = Inter-level travel time spent in this place.
 D = Time resting spent in this place.
 E = Time spent auto-exploring this place.
 F = Levels seen in this place.
 G = Mean time per level.
                   A        B        C        D        E       F      G
               +--------+--------+--------+--------+--------+-----+--------+
         Total |   2316 |   2288 |     28 |    959 |    980 |   2 | 1158.0 |
       Dungeon |   2316 |   2288 |     28 |    959 |    980 |   2 | 1158.0 |
               +--------+--------+--------+--------+--------+-----+--------+

Top non-repeatable levels by time:
     D:1: 1520 daAuts
     D:2: 796 daAuts
